 Dungeon Crawl Stone Soup version 0.31-a0-851-g7ff8af7976 (webtiles) character file.

Game seed: 2076943871211361227

41 javelincjr the Magician (level 3, -2/21 HPs)
             Began as an Octopode Hedge Wizard on Oct 6, 2023.
             Slain by a black bear (9 damage)
             ... on level 2 of the Dungeon.
             The game lasted 00:03:28 (1299 turns).

javelincjr the Magician (Octopode Hedge Wizard)     Turns: 1299, Time: 00:03:29

Health: -2/21      AC:  1    Str:  9    XL:     3   Next: 52%
Magic:  0/7        EV: 13    Int: 18    God:
Gold:   90         SH:  0    Dex: 11    Spells: 3/8 levels left

rFire   . . .        h - +0 dagger (venom)
rCold   . . .        (no shield)
rNeg    . . .        b - +0 hat
rPois   .            (no amulet)
rElec   .            m - ring of see invisible
rCorr   .            (no ring)
SInv    +            (no ring)
Will    .....        (no ring)
Stlth   +++          (no ring)
HPRegen 0.23/turn    (no ring)
MPRegen 0.10/turn    (no ring)
                     (no ring)

%: no passive effects
@: no status effects
A: almost no armour, amphibious, 8 rings, camouflage 1, gelatinous body 1,
(nimble swimmer 1), tentacles
a: no special abilities


You were on level 2 of the Dungeon.
You visited 1 branch of the dungeon, and saw 2 of its levels.

You collected 90 gold pieces.

Inventory:

Hand Weapons
 a - a +0 dagger
 h - a +0 dagger of venom (weapon)
Armour
 b - a +0 hat (worn)
Jewellery
 m - a ring of see invisible (left tentacle)
Scrolls
 i - a scroll of vulnerability {unknown}
 j - a scroll of identify {unknown}
 k - a scroll of immolation {unknown}
 l - 2 scrolls of torment {unknown}
Potions
 c - a potion of magic
 d - a potion of heal wounds {unknown}
 e - a potion of enlightenment {unknown}
 f - a potion of curing {unknown}
 g - a potion of degeneration {unknown}


   Skills:
 + Level 2.4 Dodging
 + Level 3.3 Stealth
 * Level 3.3 Spellcasting
 + Level 1.4 Conjurations
 + Level 1.3 Summonings
 + Level 1.4 Translocations


You had 3 spell levels left.
You knew the following spells:

 Your Spells              Type           Power      Damage    Failure   Level
a - Magic Dart            Conj           32%        1d4       9%          1
b - Call Imp              Summ           14%        N/A       14%         2
c - Blink                 Tloc           16%        N/A       13%         2

Your spell library contained the following spells:

 Spells                   Type           Power      Damage    Failure   Level
 Necrotise                Necr           8%         1d4       16%         1
 Slow                     Hex            8%         N/A       16%         1
 Cigotuvi's Dreadful Rot  Necr/Pois/Air  4%         N/A       24%         2
 Mephitic Cloud           Conj/Pois/Air  4%         N/A       36%         3
 Vampiric Draining        Necr           2%         2d6       43%         3
 Agony                    Necr           2%         N/A       99%         5


Dungeon Overview and Level Annotations

Branches:
Dungeon (2/15)

Altars:

Shops:
D:1 [


Innate Abilities, Weirdness & Mutations

You cannot wear most types of armour.
You are amphibious.
You can wear up to eight rings at the same time.
Your skin changes colour to match your surroundings (Stealth+).
Your rubbery body absorbs attacks. (AC +1, EV +1)
((You are camouflaged when in or above water. (Stealth+)))
You have tentacles for arms and can constrict up to eight enemies at once.


Message History

Your cerulean imp misses the black bear.
The black bear barely misses your cerulean imp.
The black bear claws your cerulean imp. x2
Your cerulean imp dies!
Your cerulean imp disappears in a puff of smoke!
Casting: Call Imp (safe; 14% risk of failure)
Confirm with . or Enter, or press ? or * to list all spells.
A tiny devil pulls itself out of the air.
You swap places.
Your cerulean imp closely misses the black bear.
You hit the black bear but do no damage.
The black bear is poisoned.
Your grab misses the black bear.
The black bear is moderately wounded.
The black bear bites you. The black bear closely misses you.
The black bear claws you.
Your cerulean imp hits the black bear but does no damage.
You hit the black bear.
The black bear looks as sick as possible!
You grab the black bear.
The black bear is moderately wounded.
You constrict the black bear. The black bear barely misses you.
The black bear claws you. x2
Your cerulean imp hits the black bear but does no damage.
You hit the black bear but do no damage.
The black bear looks as sick as possible!
The black bear is heavily wounded.
You constrict the black bear. The black bear closely misses you.
The black bear claws you. x2
Your cerulean imp hits the black bear but does no damage.
You hit the black bear but do no damage.
The black bear is heavily wounded.
You constrict the black bear. The black bear misses you.
The black bear claws you. x2
Your cerulean imp hits the black bear from afar with a -4 spear.
You hit the black bear.
The black bear looks as sick as possible!
You squeeze the black bear.
The black bear is almost dead.
You constrict the black bear. The black bear bites you!
You die...

#...........#
####.##.#######
...............
####.##.#######
#...........#
#.##.##.###.####
#.##.##..#.....
#.##h###.#..## #
#h##@# #(.[..#.#
#.##5# ###)....#.#
#.##.#####..#.....
#.##.........(....
#.##.........##.##
###†#...............
#....[#........##.##
#.....#........# #
#.....#........#


You could see a black bear (extremely poisoned, ally target) and a friendly
cerulean imp (summoned).

Vanquished Creatures
  An adder (D:2)
  4 ball pythons
  2 bats (D:1)
  2 endoplasms
  2 goblins (D:1)
  2 hobgoblins (D:1)
  4 jackals
  4 quokkas
  2 frilled lizards (D:1)
  A kobold (D:1)
  5 rats
29 creatures vanquished.

Notes
Turn   | Place    | Note
-------+----------+-------------------------------------------
     0 | D:1      | javelincjr the Octopode Hedge Wizard began the quest for
                  | the Orb.
     0 | D:1      | Reached XP level 1. HP: 11/11 MP: 4/4
   130 | D:1      | Found Syezxuitz's Antique Armour Shoppe.
   192 | D:1      | Reached XP level 2. HP: 14/17 MP: 6/6
   723 | D:1      | Reached XP level 3. HP: 21/21 MP: 7/7
  1240 | D:2      | Learned a level 2 spell: Call Imp
  1243 | D:2      | Learned a level 2 spell: Blink
  1262 | D:2      | Noticed a black bear
  1299 | D:2      | Slain by a black bear

Illustrated notes

Levels and vault maps discovered:
D:1:      lightli_arrival_farm, layout_loops_ring, serial_shops,
          nicolae_shop_waterfront
D:2:      layout_basic, uniq_jessica

Skill      XL: |  1  2 |
---------------+-------+-----
Stealth        | 3 |  3.3
Dodging        | |  2.4
Spellcasting   | |  3.3
Conjurations   | |  1.4
Summonings     | |  1.3
Translocations | |  1.4

Action                     || total
---------------------------++-------
  Melee: Dagger            ||    27
         Tentacles         ||     5
         Constrict         ||     7
   Cast: Magic Dart        ||    48
         Call Imp          ||     3
   Stab: Sleeping          ||     3
 Armour: Skin              ||    18
  Dodge: Dodged            ||    18

Table legend: (Time is in decaauts)
 A = Elapsed time spent in this place.
 B = Non-inter-level travel time spent in this place.
 C = Inter-level travel time spent in this place.
 D = Time resting spent in this place.
 E = Time spent auto-exploring this place.
 F = Levels seen in this place.
 G = Mean time per level.
                   A        B        C        D        E       F      G
               +--------+--------+--------+--------+--------+-----+--------+
         Total |   1297 |   1288 |      9 |      0 |   1094 |   2 |  648.5 |
       Dungeon |   1297 |   1288 |      9 |      0 |   1094 |   2 |  648.5 |
               +--------+--------+--------+--------+--------+-----+--------+

Top non-repeatable levels by time:
     D:1: 948 daAuts
     D:2: 349 daAuts
